AoeStats
← iM 我要打十个

Arena

505410492Analyzed
1v1 RM · 24d ago on Sep 9, 2026· 24m 32s· 2 players
Game mode
Random Map
Map size
Tiny (2 player)
Population
200
Speed
Normal
Resources
Standard
Victory
Conquest
Starting age
Dark Age
Ending age
Imperial Age
RankedLock teamsTeams togetherTeam positionsShared explorationLock speedFull tech treeHidden civsTurbo modeCheats
Victory
Defeat
🇨🇳 Slavs · China
1001
+17
🇨🇭 Mongols · Switzerland
1012
-17
iM 我要打十个
0:35 Loom
5:23 Loom
10:32 Feudal Age
15:27 Castle Age
13:47 Double-Bit Axe
15:09 Loom
15:41 Gold Mining
16:27 Man-at-Arms
17:41 Squires
18:08 Scale Mail Armor
18:27 Horse Collar
20:34 Heavy Plow
21:03 Long Swordsman
paceklaf
11:02 Feudal Age
14:34 Castle Age
13:10 Double-Bit Axe
14:11 Stone Mining
16:55 Loom
Connection lost

Rejoining the realm…

Still unreachable

The connection could not be restored.

Session expired

The server has moved on; the page needs a fresh start.